 Dungeon Crawl Stone Soup version 0.30.1-9-gdf580d7c3d (webtiles) character file.

Game seed: 8283379491079928084

62986 ringo67 the Fighter (level 15, -5/124 HPs)
             Began as a Human Ice Elementalist on Oct 1, 2023.
             Was a High Priest of Sif Muna.
             Slain by a caustic shrike simulacrum (53 damage)
             ... on level 3 of the Abyss on Oct 2, 2023.
             The game lasted 02:15:29 (23263 turns).

ringo67 the Fighter (Human Ice Elementalist)       Turns: 23263, Time: 02:15:30

Health: -5/124     AC: 19    Str: 11      XL:     15   Next: 48%
Magic:  28/28      EV: 17    Int: 23 (26) God:    Sif Muna [*****.]
Gold:   1936       SH:  6    Dex: 18      Spells: 12/32 levels left

rFire   . . .        O - +8 spear "Naani" {drain, rPois}
rCold   . . .        E - +0 buckler
rNeg    . . .        a - +7 leather armour "Hoock" {Int+3}
rPois   +            h - +3 crown of Dyrovepreva {rElec Int+2 SInv}
rElec   +            (no cloak)
rCorr   .            m - +0 pair of gloves {Dex+3}
SInv    +            (no boots)
Will    ++...        t - amulet of magic regeneration
Stlth   ++           q - ring of willpower
HPRegen 0.40/turn    o - ring "Hurph" {rPois AC+4 Int+2}
MPRegen 0.61/turn

%: no passive effects
@: about to teleport
A: no striking features
a: Renounce Religion, Channel Magic, Forget Spell, Divine Exegesis


You were on level 3 of the Abyss.
You worshipped Sif Muna.
Sif Muna was extremely pleased with you.
You visited 4 branches of the dungeon, and saw 21 of its levels.
You visited the Abyss 1 time.
You also visited: Gauntlet.

You collected 1936 gold pieces.

Inventory:

Hand Weapons
 O - the +8 spear "Naani" (weapon) {drain, rPois}
   (You found it in a Gauntlet)

   rPois:     It protects you from poison.
 P - a +5 halberd of freezing
 Z - the +8 short sword of Fortitude {drain, *Rage rF+ Str+6}
   (You found it on level 3 of the Lair of Beasts)

   Str:       It affects your strength (+6).
   rF:        It protects you from fire.
   *Rage:     It berserks you when you make melee attacks (+20% chance).
Missiles
 d - a throwing net
Armour
 a - the +7 leather armour "Hoock" (worn) {Int+3}
   (You took it off a hobgoblin on level 3 of the Dungeon)

   Int:       It affects your intelligence (+3).
 h - the +3 crown of Dyrovepreva (worn) {rElec Int+2 SInv}
   (You found it on level 1 of the Orcish Mines)

   Int:       It affects your intelligence (+2).
   rElec:     It insulates you from electricity.
   SInv:      It lets you see invisible.
 m - a +0 pair of gloves of dexterity (worn)
 p - the +2 robe of Sin {rF+ rCorr Archmagi}
   (You found it on level 3 of the Dungeon)

   rF:        It protects you from fire.
   rCorr:     It protects you from acid and corrosion.
   Archmagi:  It increases the power of your magical spells.
 E - a +0 buckler (worn)
Jewellery
 o - the ring "Hurph" (right hand) {rPois AC+4 Int+2}
   (You found it in a Gauntlet)

   [ring of protection]

   AC:        It affects your AC (+4).
   Int:       It affects your intelligence (+2).
   rPois:     It protects you from poison.
 q - a ring of willpower (left hand)
 s - a ring of protection from cold
 t - an amulet of magic regeneration (around neck)
 u - a ring of resist corrosion
 Q - a ring of flight
 V - a +6 ring of dexterity
Wands
 b - a wand of roots (10)
 k - a wand of flame (41)
 D - a wand of digging (8)
 F - a wand of mindburst (10)
 G - a wand of polymorph (20)
 K - a wand of charming (26)
 Y - a wand of light (6)
Scrolls
 f - 8 scrolls of poison
 n - 4 scrolls of immolation
 x - 4 scrolls of brand weapon {unknown}
 y - 3 scrolls of fear {unknown}
 A - 7 scrolls of teleportation
 I - 2 scrolls of magic mapping
 J - 2 scrolls of enchant weapon {unknown}
 M - 3 scrolls of noise {unknown}
 N - a scroll of silence {unknown}
 R - 2 scrolls of vulnerability {unknown}
 S - a scroll of identify
 T - a scroll of enchant armour {unknown}
 W - 2 scrolls of amnesia {unknown}
 X - 4 scrolls of fog {unknown}
Potions
 c - 5 potions of cancellation
 e - 2 potions of mutation {unknown}
 g - 3 potions of flight
 j - 3 potions of resistance {unknown}
 r - 2 potions of berserk rage {unknown}
 v - a potion of ambrosia {unknown}
 w - 10 potions of curing
 z - 2 potions of attraction {unknown}
 B - a potion of invisibility {unknown}
 C - 3 potions of brilliance {unknown}
 H - 2 potions of haste
 L - 3 potions of might {unknown}
 U - a potion of lignification {unknown}


   Skills:
 + Level 13.5 Fighting
 + Level 2.6 Polearms
 + Level 9.6 Armour
 + Level 10.4 Dodging
 - Level 2.0 Stealth
 - Level 6.0 Shields
 - Level 9.0 Spellcasting
 + Level 4.1 Summonings
 - Level 2.3 Translocations
 - Level 10.0 Ice Magic
 - Level 7.0 Poison Magic
 - Level 7.0 Invocations


You had 12 spell levels left.
You knew the following spells:

 Your Spells              Type           Power      Damage    Failure   Level
a - Freeze                Ice            100%       1d10      1%          1
b - Frozen Ramparts       Ice            100%       1d16      1%          3
c - Ozocubu's Armour      Ice            54%        N/A       1%          3
d - Summon Ice Beast      Ice/Summ       42%        N/A       5%          4
e - Olgreb's Toxic Radia  Pois           42%        N/A       6%          4
f - Ignite Poison         Fire/Tmut/Pois 21%        N/A       12%         3
g - Blink                 Tloc           40%        N/A       6%          2

Your spell library contained the following spells:

 Spells                   Type           Power      Damage    Failure   Level
 Sting                    Tmut/Pois      100%       1d8       2%          1
 Call Imp                 Summ           58%        N/A       2%          2
 Poisonous Vapours        Pois/Air       52%        N/A       3%          2
 Call Canine Familiar     Summ           29%        N/A       5%          3
 Cigotuvi's Dreadful Rot  Necr/Pois/Air  42%        N/A       6%          2
 Lesser Beckoning         Tloc           40%        N/A       6%          2
 Spider Form              Tmut/Pois      26%        N/A       8%          3
 Momentum Strike          Conj/Tloc      30%        3d8       10%         2
 Beastly Appendage        Tmut           20%        N/A       11%         1
 Magic Dart               Conj           40%        1d5       11%         1
 Shock                    Conj/Air       40%        1d5       11%         1
 Mephitic Cloud           Conj/Pois/Air  21%        N/A       12%         3
 Wereblood                Tmut           10%        N/A       16%         2
 Summon Lightning Spire   Summ/Air       19%        N/A       41%         4
 Freezing Cloud           Conj/Ice/Air   12%        6-21      58%         5
 Anguish                  Hex/Necr       5%         N/A       71%         4
 Cause Fear               Hex            5%         N/A       71%         4
 Leda's Liquefaction      Hex/Erth       5%         N/A       71%         4
 Blade Hands              Tmut           5%         N/A       96%         5
 Irradiate                Conj/Tmut      5%         3d13      96%         5
 Lee's Rapid Deconstruct  Erth           5%         3d6*      96%         5
 Summon Cactus Giant      Summ           14%        N/A       96%         6
 Plasma Beam              Fire/Air       5%         2x1d17    100%        6
 Starburst                Conj/Fire      5%         6d4       100%        6
 Statue Form              Tmut/Erth      6%         N/A       100%        6
 Dragon Form              Tmut           5%         N/A       100%        7
 Enfeeble                 Hex            5%         N/A       100%        7
 Storm Form               Tmut/Air       5%         N/A       100%        7
 Summon Hydra             Summ           14%        N/A       100%        7
 Lehudib's Crystal Spear  Conj/Erth      5%         10d3      100%        8
 Necromutation            Tmut/Necr      5%         N/A       100%        8
 Summon Horrible Things   Summ           14%        N/A       100%        8
 Dragon's Call            Summ           14%        N/A       100%        9


Dungeon Overview and Level Annotations

Branches:
Dungeon (13/15)            Temple (1/1) D:5            Lair (5/5) D:10
 Shoals (0/4) Lair:2        Snake (0/4) Lair:3          Orc (2/2) D:10
    Elf (0/3) Orc:2       Gauntlet (visited)
  Slime: Lair:4-5    Vaults: D:13-14

Altars:
Ashenzari
Cheibriados
Dithmenos
Elyvilon
Fedhas
Gozag
Hepliaklqana
Kikubaaqudgha
Makhleb
Nemelex Xobeh
Okawaru
Qazlal
Ru
Sif Muna
Trog
Uskayaw
Vehumet
Wu Jian
Xom
Yredelemnul
Zin
The Shining One
Jiyva

Shops:
D:4 (   D:6 (   D:10 (   D:11 *   Orc:2 =?(!**

Annotations:
D:11 1 runed translucent door, SirLogeyBear's ghost, journeyman HOBe
D:13 36 runed doors
Lair:4 exclusion: 2 oklob plants
Orc:1 3 runed translucent doors, Keeluq's ghost, journeyman GrEE


Message History

The lich closely misses your ice beast.
The lich conjures a glowing orb.
The wavering orb of destruction weakly hits your ice beast!!
Something touches your ice beast but does no damage.
You are suddenly pulled into a different region of the Abyss!
You start resting.
Magic restored.
You start resting.
A small abomination comes into view.
A caustic shrike simulacrum comes into view.
Casting: Summon Ice Beast (mildly dangerous; 5% risk of failure)
Confirm with . or Enter, or press ? or * to list all spells.
A chill wind blows around you.
The small abomination hits your ice beast!
Your ice beast hits the small abomination but does no damage.
The small abomination hits your ice beast!
You swap places.
The caustic shrike simulacrum claws your ice beast!!
Your ice beast dies!
Your ice beast disappears in a puff of smoke!
The small abomination hits you! The small abomination misses you.
The caustic shrike simulacrum misses you.
The caustic shrike simulacrum attacks as you move away!
You block the caustic shrike simulacrum's attack.
The caustic shrike simulacrum closely misses you.
The caustic shrike simulacrum attacks as you move away!
The caustic shrike simulacrum claws you!
The caustic shrike simulacrum freezes you!!
As you read the scroll of teleportation, it crumbles to dust.
You feel strangely unstable.
You feel the power of the Abyss delaying your translocation!
The caustic shrike simulacrum claws you.
The caustic shrike simulacrum freezes you!!!
* * * LOW HITPOINT WARNING * * *
You block the caustic shrike simulacrum's attack.
You feel much better.
The caustic shrike simulacrum claws you but does no damage.
The caustic shrike simulacrum claws you.
The caustic shrike simulacrum freezes you!!!
You die...

####..# ##.#.#
..... #.##.#.#####
###....##.#.....#
#.....#.##.#.....#
. .#.............#
#...#.####.......#
...#. #.#.x...#
#.. #
#§##Z...###.§ #.
#§###@......# #.#
#.......# #.#
#.#.....# ...
..##..... ##......
..#.. #...... ## .
...... #..#.###
#..#.#


You could see a small abomination and a caustic shrike simulacrum.

Vanquished Creatures
  A lorocyproca (Abyss:2)
  Josephine (D:13)
  An ogre mage (D:11)
  2 centaur warriors (D:13)
  4 boulder beetles
  2 two-headed ogres
  5 orc high priests (Orc:2)
  A skeletal warrior (D:11)
  2 deep elf zephyrmancers
  A necromancer (D:13)
  3 deep elf pyromancers
  5 orc knights
  An ugly thing (D:12)
  15 elephants
  2 black mambas
  A torpor snail (Gauntlet)
  A cane toad (shapeshifter) (D:13)
  13 cane toads
  A gargoyle (D:12)
  A kobold demonologist (D:12)
  2 rime drakes (Lair:3)
  3 komodo dragons
  A queen bee (shapeshifter) (D:13)
  3 meliai (Gauntlet)
  8 trolls
  10 blink frogs (Lair:3)
  A snapping turtle (Lair:2)
  9 slime creatures
  A shadow (D:9)
  4 wyverns
  6 wraiths
  11 humans (D:13)
  40 yaks
  8 basilisks
  4 vampire mosquitoes (D:13)
  2 steam dragons
  Edmund (D:5)
  4 nagas (Lair:3)
  4 water moccasins
  5 wargs
  2 acid dragons
  A swamp drake (Orc:1)
  26 orc warriors
  2 sky beasts
  5 black bears
  17 wolves
  4 ogres
  3 centaurs
  A boggart (D:11)
  4 kobold brigands
  11 bullfrogs
  2 scorpions
  6 wights
  A nameless horror (D:5)
  8 electric eels
  4 howler monkeys
  2 hounds
  33 orc priests
  A jelly (D:6)
  3 sleepcaps
  An iguana (D:5)
  18 orc wizards
  Terence (D:2)
  7 gnolls
  10 adders
  5 shadow imps
  A white imp (Orc:1)
  An ufetubus (D:5)
  2 dart slugs
  100 orcs
  11 ball pythons
  4 bats
  7 endoplasms
  7 giant cockroaches
  6 goblins
  11 hobgoblins
  A jackal (D:1)
  26 kobolds
  2 quokkas
  7 frilled lizards
  3 rats
  A spectral orc (D:9)
558 creatures vanquished.

Vanquished Creatures (collateral kills)
  Gastronok (D:9)
  A centaur warrior (D:13)
  An orc high priest (Orc:2)
  A deep elf pyromancer (Orc:1)
  2 orc knights
  An oklob plant (Lair:2)
  3 elephants
  A slime creature (D:13)
  3 rime drakes
  A komodo dragon (Lair:3)
  A troll (Orc:2)
  2 humans (D:13)
  2 wargs (Orc:2)
  An orc warrior (Orc:2)
  3 ice beasts (D:8)
  A wolf (Lair:4)
  An ogre (Orc:1)
  3 bullfrogs
  5 wights
  A crimson imp (Orc:1)
  An iron imp (Orc:1)
  9 orc priests
  An orc wizard (D:8)
  2 white imps
  3 orcs
51 creatures vanquished.

Vanquished Creatures (others)
  12 starspawn tentacles (Abyss:3)
12 creatures vanquished.

Grand Total: 621 creatures vanquished

Notes
Turn   | Place    | Note
-------+----------+-------------------------------------------
     0 | D:1      | ringo67 the Human Ice Elementalist began the quest for the
                  | Orb.
     0 | D:1      | Reached XP level 1. HP: 13/13 MP: 3/3
   297 | D:1      | Reached XP level 2. HP: 18/20 MP: 3/5
   504 | D:1      | Reached skill level 1 in Fighting
   816 | D:1      | Reached XP level 3. HP: 25/26 MP: 4/6
  1414 | D:2      | Found a faded altar of an unknown god.
  1638 | D:2      | Noticed Terence
  1644 | D:2      | Killed Terence
  1645 | D:2      | Reached XP level 4. HP: 22/33 MP: 2/8
  1753 | D:2      | Identified the +0 leather armour "Setul" {Contam Harm
                  | Int+2}
  1841 | D:2      | Learned a level 3 spell: Frozen Ramparts
  1845 | D:2      | Learned a level 3 spell: Ozocubu's Armour
  1989 | D:3      | Reached skill level 2 in Fighting
  2247 | D:3      | Identified the +7 leather armour "Hoock" {Int+3}
  2373 | D:3      | Reached XP level 5. HP: 31/38 MP: 4/9
  2468 | D:3      | Identified the +2 robe of Sin {rF+ rCorr Archmagi}
  2509 | D:3      | Reached skill level 5 in Ice Magic
  2711 | D:3      | Reached skill level 3 in Fighting
  2711 | D:3      | Reached XP level 6. HP: 46/47 MP: 5/11
  2790 | D:3      | Found a faded altar of an unknown god.
  2845 | D:3      | Found a hazy altar of Hepliaklqana.
  3105 | D:4      | Found Joisu's Antique Weapon Shoppe.
  3117 | D:4      | Noticed a black bear
  3140 | D:4      | Killed a black bear
  3141 | D:4      | Reached XP level 7. HP: 47/52 MP: 8/13
  3178 | D:4      | Learned a level 4 spell: Summon Ice Beast
  3449 | D:4      | Reached skill level 4 in Fighting
  3621 | D:5      | Entered Level 5 of the Dungeon
  3761 | D:5      | Found a stormy altar of Qazlal.
  3794 | D:5      | Reached skill level 1 in Summonings
  3855 | D:5      | Found a radiant altar of Vehumet.
  3911 | D:5      | Reached XP level 8. HP: 59/61 MP: 11/15
  4006 | D:5      | Found a staircase to the Ecumenical Temple.
  4027 | Temple   | Entered the Ecumenical Temple
  4297 | D:5      | Noticed Edmund
  4320 | D:5      | Killed Edmund
  4417 | D:5      | Reached skill level 5 in Spellcasting
  4982 | D:6      | Reached skill level 5 in Fighting
  5077 | D:6      | Learned a level 4 spell: Olgreb's Toxic Radiance
  5110 | D:6      | Found Topta's Weapon Boutique.
  5230 | D:6      | Reached skill level 1 in Poison Magic
  5431 | D:6      | Found a glowing silver altar of Zin.
  5431 | D:6      | Noticed an angel
  5563 | D:6      | Reached XP level 9. HP: 68/68 MP: 8/16
  5938 | D:6      | You fall into a shaft and drop 3 floors!
  5970 | D:9      | Reached skill level 6 in Fighting
  6544 | D:8      | Reached skill level 5 in Dodging
  6597 | D:8      | Reached XP level 10. HP: 75/77 MP: 11/17
  6743 | D:7      | Reached skill level 7 in Fighting
  6762 | D:7      | Found a broken altar of Ashenzari.
  6974 | D:7      | Found a shimmering altar of Xom.
  7261 | D:7      | Found a blossoming altar of Fedhas.
  7262 | D:7      | Found an ancient bone altar of Kikubaaqudgha.
  7394 | D:7      | Found a hide-covered altar of Uskayaw.
  7648 | D:8      | Reached skill level 5 in Poison Magic
  7832 | D:8      | Identified the +1 quarterstaff of the Mouth {speed, rN+
                  | Int+3}
  8379 | D:8      | Learned a level 3 spell: Ignite Poison
  8434 | D:8      | Found a sparkling altar of Nemelex Xobeh.
  8437 | D:8      | Found a burning altar of Makhleb.
  8440 | D:8      | Found an iron altar of Okawaru.
  8448 | D:8      | Found a shimmering blue altar of Sif Muna.
  8452 | D:8      | Became a worshipper of Sif Muna the Loreminder
  9024 | D:9      | Noticed a boulder beetle
  9035 | D:9      | Noticed Gastronok
  9064 | D:9      | Killed a boulder beetle
  9065 | D:9      | Reached skill level 8 in Fighting
  9065 | D:9      | Reached skill level 1 in Armour
  9074 | D:9      | Killed Gastronok
  9075 | D:9      | Reached XP level 11. HP: 43/87 MP: 5/19
  9299 | D:9      | Reached skill level 1 in Shields
  9355 | D:9      | Found a snail-covered altar of Cheibriados.
  9491 | D:9      | Found a sacrificial altar of Ru.
  9887 | D:9      | Found a basalt altar of Yredelemnul.
  9891 | D:9      | Reached * piety under Sif Muna
  9937 | D:10     | Entered Level 10 of the Dungeon
  9959 | D:10     | Noticed an elephant
  9966 | D:10     | Reached skill level 9 in Fighting
  9966 | D:10     | Killed an elephant
  9970 | D:10     | Learned a level 2 spell: Blink
 10005 | D:10     | Found a staircase to the Lair.
 10093 | D:10     | Noticed an orc knight
 10099 | D:10     | Killed an orc knight
 10100 | D:10     | Reached skill level 1 in Translocations
 10203 | D:10     | Found a staircase to the Orcish Mines.
 10276 | D:10     | Reached ** piety under Sif Muna
 10303 | D:10     | Noticed a two-headed ogre
 10313 | D:10     | Killed a two-headed ogre
 10326 | D:10     | Found Axofaq's Hydra Hut.
 10331 | D:10     | Noticed a five-headed hydra
 10622 | Lair:1   | Entered Level 1 of the Lair of Beasts
 10870 | Lair:1   | Reached XP level 12. HP: 97/97 MP: 19/22
 11073 | Lair:1   | Reached skill level 10 in Fighting
 11686 | Lair:2   | Reached skill level 11 in Fighting
 12161 | Lair:2   | Reached skill level 1 in Invocations
 12161 | Lair:2   | Reached *** piety under Sif Muna
 12587 | Lair:2   | Found a staircase to the Shoals.
 12933 | Lair:3   | Reached XP level 13. HP: 106/106 MP: 12/24
 13067 | Lair:3   | You fall into a shaft and drop 2 floors!
 13067 | Lair:5   | Entered Level 5 of the Lair of Beasts
 13571 | Lair:3   | Identified the +2 mace "Cucylil" {elec, +Blink rCorr Dex+3}
 13740 | Lair:3   | Identified the +8 short sword of Fortitude {drain, *Rage
                  | rF+ Str+6}
 13826 | Lair:3   | Reached skill level 12 in Fighting
 13827 | Lair:3   | Found a staircase to the Snake Pit.
 13906 | Lair:3   | Reached **** piety under Sif Muna
 13907 | Lair:3   | Reached skill level 5 in Armour
 13965 | Lair:3   | Reached skill level 5 in Invocations
 15602 | Lair:4   | Found a viscous altar of Jiyva.
 15864 | Orc:1    | Entered Level 1 of the Orcish Mines
 16102 | Orc:1    | Reached XP level 14. HP: 87/116 MP: 12/26
 16489 | Orc:1    | Reached ***** piety under Sif Muna
 16569 | Orc:2    | Entered Level 2 of the Orcish Mines
 16846 | Orc:2    | Received a gift from Sif Muna
 17128 | Orc:2    | Found Lunocz Lime's Specific Store.
 17133 | Orc:2    | Found Geys's General Store.
 17206 | Orc:2    | Found a staircase to the Elven Halls.
 17217 | Orc:2    | Reached skill level 13 in Fighting
 17365 | Orc:2    | Found Icwiuky's Distillery.
 17365 | Orc:2    | Found Xoavikuepo's Antique Weapon Shop.
 17499 | Orc:2    | Found Suedapt's Magic Scroll Shoppe.
 17499 | Orc:2    | Found Pekuek's Jewellery Shop.
 18090 | Orc:1    | Found the +3 crown of Dyrovepreva {rElec Int+2 SInv}
 18253 | Orc:1    | Found a runed translucent gate.
 18253 | Orc:1    | Found a runed translucent gate.
 18253 | Orc:1    | Found a runed translucent gate.
 18253 | Orc:1    | Noticed a minotaur
 18253 | Orc:1    | Noticed Keeluq's ghost (journeyman GrEE)
 18254 | Orc:1    | Found an iron altar of Okawaru.
 18359 | D:11     | Found a runed translucent door.
 18393 | D:11     | Found a gate leading to a gauntlet.
 18402 | Gauntlet | Entered a Gauntlet
 18402 | Gauntlet | Found a transporter.
 18402 | Gauntlet | Found a transporter.
 18407 | Gauntlet | Found a transporter.
 18415 | Gauntlet | Found a transporter.
 18435 | Gauntlet | Found a transporter.
 18437 | Gauntlet | Found a large runed translucent door.
 18438 | Gauntlet | Found a large runed translucent door.
 18439 | Gauntlet | Found a large runed translucent door.
 18439 | Gauntlet | Found a large runed translucent door.
 18440 | Gauntlet | Found a large runed translucent door.
 18440 | Gauntlet | Found a large runed translucent door.
 18440 | Gauntlet | Found a runed translucent gate.
 18440 | Gauntlet | Found a runed translucent door.
 18441 | Gauntlet | Found a large runed translucent door.
 18441 | Gauntlet | Found a transporter.
 18441 | Gauntlet | Found a runed translucent gate.
 18441 | Gauntlet | Found a transporter.
 18442 | Gauntlet | Found a large runed translucent door.
 18442 | Gauntlet | Found a runed translucent gate.
 18442 | Gauntlet | Found a runed translucent door.
 18444 | Gauntlet | Found a transporter.
 18451 | Gauntlet | Found a large runed translucent door.
 18451 | Gauntlet | Found a large runed translucent door.
 18452 | Gauntlet | Found a large runed translucent door.
 18453 | Gauntlet | Found a large runed translucent door.
 18470 | Gauntlet | Found a transporter.
 18479 | Gauntlet | Found a transporter.
 18491 | Gauntlet | Found a transporter.
 18529 | Gauntlet | Found a transporter.
 18538 | Gauntlet | Found a transporter.
 18555 | Gauntlet | Found a transporter.
 18657 | Gauntlet | Found a transporter.
 18671 | Gauntlet | Found a transporter.
 18691 | Gauntlet | Found a large runed translucent door.
 18691 | Gauntlet | Found a large runed translucent door.
 18692 | Gauntlet | Found a large runed translucent door.
 18693 | Gauntlet | Found a large runed translucent door.
 18759 | Gauntlet | Received a gift from Sif Muna
 18776 | Gauntlet | Got Beawkit's Spellbook of Brilliant Ozone {god gift}
 19300 | Gauntlet | Identified the ring "Hurph" {rPois AC+4 Int+2}
 19307 | Gauntlet | Identified the +8 spear "Naani" {drain, rPois}
 19333 | Gauntlet | Identified the staff of air "Gainatenn" {rElec Dex+2}
 19333 | Gauntlet | Noticed a minotaur
 19353 | Gauntlet | Identified the +1 cloak of Yla Huah {-Tele Harm rN+ Int+2}
 19705 | D:11     | Reached skill level 10 in Dodging
 19945 | D:11     | Found Tonifeta's Fire Supplies.
 20095 | D:11     | Noticed SirLogeyBear's ghost (journeyman HOBe)
 20515 | D:12     | Reached XP level 15. HP: 124/124 MP: 24/28
 20577 | D:12     | Reached skill level 5 in Shields
 20577 | D:12     | Reached skill level 10 in Ice Magic
 20812 | D:12     | Got the Directory of the Missiles and the Gang
 21537 | D:13     | Noticed Josephine
 21547 | D:13     | Killed Josephine
 21952 | D:13     | Found a huge runed gate.
 21952 | D:13     | Found a huge runed gate.
 21953 | D:13     | Found a huge runed gate.
 21953 | D:13     | Found a huge runed gate.
 21953 | D:13     | Found a huge runed gate.
 21953 | D:13     | Found a huge runed gate.
 21953 | D:13     | Found a huge runed gate.
 21954 | D:13     | Found a huge runed gate.
 21958 | D:13     | Found a huge runed gate.
 21958 | D:13     | Found a huge runed gate.
 21958 | D:13     | Found a huge runed gate.
 21958 | D:13     | Found a huge runed gate.
 21958 | D:13     | Found a huge runed gate.
 21958 | D:13     | Found a huge runed gate.
 21959 | D:13     | Found a huge runed gate.
 21960 | D:13     | Found a huge runed gate.
 21961 | D:13     | Found a huge runed gate.
 21970 | D:13     | Found a huge runed gate.
 21970 | D:13     | Found a huge runed gate.
 21970 | D:13     | Found a huge runed gate.
 21970 | D:13     | Found a huge runed gate.
 21970 | D:13     | Found a huge runed gate.
 21970 | D:13     | Found a huge runed gate.
 21971 | D:13     | Found a huge runed gate.
 21972 | D:13     | Found a huge runed gate.
 21989 | D:13     | Found a huge runed gate.
 21997 | D:13     | Reached skill level 1 in Polearms
 22223 | D:13     | Found a huge runed gate.
 22223 | D:13     | Found a huge runed gate.
 22223 | D:13     | Found a huge runed gate.
 22312 | D:13     | Found a huge runed gate.
 22313 | D:13     | Found a huge runed gate.
 22314 | D:13     | Found a huge runed gate.
 22315 | D:13     | Found a huge runed gate.
 22316 | D:13     | Found a huge runed gate.
 22317 | D:13     | Found a huge runed gate.
 22325 | D:13     | Found a huge runed gate.
 22518 | D:13     | Received a gift from Sif Muna
 22521 | D:13     | Got Sif Muna's Quarto of Called Reconstruction {god gift}
 22590 | Abyss:2  | Cast into level 2 of the Abyss (a wizard)
 22621 | Abyss:2  | Noticed an angel
 22906 | Abyss:3  | Noticed a tentacled starspawn
 22937 | Abyss:3  | Noticed a tentacled starspawn
 22953 | Abyss:3  | Noticed a tentacled starspawn
 23030 | Abyss:3  | Noticed a daeva
 23058 | Abyss:3  | Found a corrupted altar of Lugonu.
 23117 | Abyss:3  | Noticed a bone dragon
 23144 | Abyss:3  | Noticed a tentacled starspawn
 23167 | Abyss:3  | Noticed a revenant
 23170 | Abyss:3  | Noticed a lich
 23263 | Abyss:3  | Slain by a caustic shrike simulacrum

Illustrated notes

Levels and vault maps discovered:
D:1:      sevenhm_arrival_forest_fort_small_6, layout_rooms, minmay_surrounded
D:2:      layout_loops_ring, shapermc_ecumenical_altar_pompeii, uniq_terence
D:3:      layout_basic, nicolae_overflow_ecumenical_swirl,
          minmay_fractal_squares_5
D:4:      layout_rooms, serial_shops, shop, grunt_ministairs_1, grunt_tough_drop
D:5:      layout_layer_cave, fiery_altar_vehumet,
          nicolae_qazlal_general_emergency, minmay_temple_entry_mini_moons,
          uniq_edmund
D:6:      layout_cave_pods, zin_angel, serial_rivers,
          chequers_serial_rivers_small_b, chequers_serial_rivers_micro_d,
          chequers_serial_rivers_micro_a, chequers_serial_rivers_large_b,
          chequers_serial_rivers_micro_e, serial_shops,
          nicolae_shop_bloodbath_and_beyond, nicolae_lava_and_water,
          bh_walls_and_bars
D:7:      layout_loops_corners, grunt_temple_overflow_growth_and_decay,
          xom_teletrap_fun, nicolae_uskayaw_dance_studio, lemuel_doored_altar
D:8:      layout_rooms, grunt_temple_overflow_cloverleaf, nrook_pool_corridor
D:9:      layout_basic, yredelemnul_forgotten_temple_becter,
          nicolae_ru_the_path_less_chosen, old_standard_altar,
          fungi_pond_lemuel, uniq_gastronok
D:10:     layout_rooms, david_lair_generic, david_orc_5, doesnt_shop_hydraphobe
D:11:     minmay_shrinking_squares, layout_long_grid, ebering_ghost_inner_flame,
          gauntlet_entry_generic, nicolae_shop_fire_sale
          [nicolae_sub_dead_trees], kennysheep_generic_room_7
D:12:     layout_loops_ring, serial_rivers, chequers_serial_rivers_marsh,
          chequers_serial_rivers_small_3, chequers_serial_rivers_room_a,
          chequers_serial_rivers_micro_e, chequers_serial_rivers_micro_b,
          chequers_serial_rivers_micro_b, special_room [special_room_orc],
          minivault_14
D:13:     minmay_curly_fans, layout_basic, grunt_vaults_entry_tiered,
          not_door_vault_due, uniq_josephine
Temple:   hellmonk_temple_micro_hex
Lair:1:   layout_long_grid
Lair:2:   layout_misc_corridors, minmay_shoals_entry_hut,
          gammafunk_lair_bear_cave
Lair:3:   layout_cave_pods, minmay_snake_entry_guardpost_small
Lair:4:   layout_concentric_octagons, minmay_slime_entry_oklob_enclosed,
          serial_bayou_shore_a, infiniplex_staircase_pool, grunt_megastairs_4
Lair:5:   minmay_lair_end_frog_pond, layout_loops_ring, uniq_urug
Orc:1:    layout_caves, basic_altar, special_room [special_room_orc],
          gammafunk_ghost_fury_of_okawaru, hangedman_minor_magic
Orc:2:    st_orc_town, layout_caves, nicolae_specific_store
Abyss:3:  base: D:15, minivault_23, dshaligram_kb_abyss_rune_zappy_water_cross,
          hangedman_abyss_or_decor_slice, small_statue_intersection,
          hangedman_abyss_river_spirits, evilmike_abyss_exit_1,
          spicy_abyss_planar_alliance, evilmike_abyss_exit_glass,
          hangedman_abyss_stitches_cave, hangedman_decor_lopped

Skill      XL: |  1  2  3  4  5  6  7  8  9 10 11 12 13 14 15 |
---------------+----------------------------------------------+-----
Fighting       | 1 2 3 4 5 6 8 9 11 12 13 | 13.5
Spellcasting   | 3 4 5 7 8 9 |  9.0
Ice Magic      | 5 6 7 8 9 10 | 10.0
Summonings     | 1 3 4 |  4.1
Poison Magic   | 2 4 6 7 |  7.0
Dodging        | 3 5 6 8 9 10 | 10.4
Armour         | 3 4 6 8 9 |  9.6
Shields        | 4 6 |  6.0
Translocations | 2 |  2.3
Invocations    | 2 6 7 |  7.0
Polearms       | 2 |  2.6
Stealth        | |  2.0

Action                     |  1- 3 |  4- 6 |  7- 9 | 10-12 | 13-15 || total
---------------------------+-------+-------+-------+-------+-------++-------
  Melee: Unarmed           |     2 |       |       |       |       ||     2
         Rapier            |    34 |    49 |    15 |       |       ||    98
         Punch             |       |     2 |     1 |       |       ||     3
         Short sword       |       |       |    22 |       |       ||    22
         Halberd           |       |       |    76 |   168 |   230 ||   474
         Spear             |       |       |       |       |   235 ||   235
   Cast: Freeze            |    40 |    26 |    57 |    14 |    13 ||   150
         Frozen Ramparts   |       |    10 |    31 |    49 |    89 ||   179
         Summon Ice Beast  |       |       |    10 |    26 |    54 ||    90
         Ozocubu's Armour  |       |       |     2 |       |       ||     2
         Olgreb's Toxic Ra |       |       |       |    28 |    68 ||    96
         Ignite Poison     |       |       |       |    10 |    36 ||    46
         Blink             |       |       |       |     1 |     1 ||     2
    Use: Scroll            |       |       |     1 |       |    19 ||    20
         Potion            |       |       |       |     2 |     5 ||     7
   Stab: Sleeping          |     6 |     1 |     2 |     1 |     4 ||    14
         Distracted        |       |       |       |     3 |     5 ||     8
 Armour: Robe              |    12 |     1 |       |       |       ||    13
         Leather armour    |       |    19 |    50 |    75 |   170 ||   314
  Dodge: Dodged            |    33 |    40 |    71 |   143 |   449 ||   736
  Block: Buckler           |       |       |       |       |    77 ||    77
